 Dungeon Crawl Stone Soup version 0.28.0-1-gb440e238dd (webtiles) character file.

Game seed: 2901660607108094100

408 spaghetti the Poker (level 6, 25/55 HPs)
             Began as a Deep Dwarf Delver on Feb 19, 2022.
             Quit the game on level 4 of the Dungeon.
             The game lasted 00:11:22 (4181 turns).

spaghetti the Poker (Deep Dwarf Delver)             Turns: 4181, Time: 00:11:23

Health: 25/55      AC:  6    Str: 17 (18) XL:     6   Next: 57%
Magic:  5/5        EV: 12    Int: 11 (12) God:
Gold:   202        SH:  0    Dex: 14      Spells: 5/5 levels left

rFire   + . .      SeeInvis .   a - +0 spear
rCold   . . .      Faith    .   (no shield)
rNeg    . . .      Spirit   .   m - +0 leather armour
rPois   .          Reflect  .   (no helmet)
rElec   +          Harm     .   (no cloak)
rCorr   .          Rampage  .   i - +2 pair of gloves
Will    .....                   (no boots)
Stlth   +++.......              k - amulet of the acrobat
HPRegen 0.00/turn               (no ring)
MPRegen 0.09/turn               (no ring)

@: no status effects
A: damage resistance, heal wounds, sense surroundings 1, no regeneration, talons
1, clever 1, fire resistance 1, electricity resistance
a: Heal Wounds


You were on level 4 of the Dungeon.
You visited 1 branch of the dungeon, and saw 6 of its levels.

You collected 202 gold pieces.

Inventory:

Hand Weapons
 a - a +0 spear (weapon)
 b - a +1 hunting sling
Missiles
 n - 68 stones
 q - 24 sling bullets
Armour
 i - a +2 pair of gloves (worn)
 m - a +0 leather armour (worn)
Jewellery
 h - a ring of ice
 k - an amulet of the acrobat (around neck)
Wands
 g - a wand of digging (8)
Scrolls
 c - a scroll of fog
 d - a scroll of magic mapping
 e - a scroll of fear
Potions
 f - a potion of haste
 l - 2 potions of resistance
 o - 2 potions of mutation
 p - 2 potions of flight


   Skills:
 - Level 2.6 Fighting
 + Level 6.5 Polearms
 - Level 2.1 Dodging
 - Level 6.0 Stealth


You had 5 spell levels left.
You didn't know any spells.
Your spell library contained the following spells:

 Spells                   Type           Power      Damage    Failure   Level
 Static Discharge         Conj/Air       0%         N/A       54%         2
 Dispel Undead            Necr           0%         3d6       99%         4
 Sticky Flame             Conj/Fire      0%         2d3       99%         4


Dungeon Overview and Level Annotations

Branches:
Dungeon (6/15)
 Temple: D:4-7

Altars:
Ru
Trog

Shops:
D:4 ?

Annotations:
D:2 Sigmund
D:3 Natasha
D:5 3 runed translucent doors, spaghetti's ghost, weakling DsSu


Innate Abilities, Weirdness & Mutations

You are resistant to damage.
You can heal yourself by infusing magical energy.
You passively map a small area around you.
You do not regenerate.
You have sharp toenails.
Your mind is acute. (Int +2)
Your flesh is heat resistant. (rF+)
You are resistant to electric shocks. (rElec)


Message History

Unknown command.
You climb downwards.
Level annotation: 3 runed translucent doors, spaghetti's ghost, weakling DsSu The ufetubus hits you.
The ufetubus closely misses you. The ufetubus barely misses you.
The ufetubus hits you.
There is a stone staircase leading up here.
You hit the ufetubus but do no damage. Your kick misses the ufetubus.
The ufetubus barely misses you. x2; The ufetubus completely misses you.
The ufetubus closely misses you. The ufetubus hits you.
The ufetubus closely misses you.
You climb upwards.
There is a stone staircase leading down here.
Unknown command.
You miss the ufetubus. Your kick misses the ufetubus.
The ufetubus completely misses you. The ufetubus barely misses you.
You hit the ufetubus but do no damage. Your kick misses the ufetubus.
The ufetubus hits you. x2
You hit the ufetubus but do no damage.
You are no longer corroded.
The ufetubus hits you but does no damage.
The ufetubus closely misses you. x2; The ufetubus hits you.
You closely miss the ufetubus.
The ufetubus hits you but does no damage. x2
You hit the ufetubus but do no damage. The ufetubus barely misses you.
The ufetubus closely misses you.
You miss the ufetubus. The ufetubus misses you. The ufetubus barely misses you.
You miss the ufetubus. Your kick misses the ufetubus. The ufetubus misses you.
The ufetubus hits you but does no damage.
You miss the ufetubus. Your kick misses the ufetubus. The ufetubus hits you.
The ufetubus closely misses you. The ufetubus misses you.
The ufetubus closely misses you.
You closely miss the ufetubus. You claw the ufetubus.
The ufetubus is almost dead.
The ufetubus hits you but does no damage.
The ufetubus misses you.
You hit the ufetubus.
You kill the ufetubus!
Unknown command.
Unknown command.
Are you sure you want to abandon this character and quit the game? (Confirm with "yes".)

#.###.#.#.###.#...###..#
#.# ##.##.....##.## #..#
#.# #.####.......# #..# #.#
#.##########.# #..#### #.#
#....# #.# #.....# #.#
####.# #.# ##.##.# #.# #.#
#.# #..#.# #.# #.#######†#
##.#.# #.# #.##....@.#
#.#.# #.# #.##.###### #.#.#
..# #.##.# #.#.# #.# #.##.#
#.#.# ..# #.##.# #.#.# #.#
#.##.## #.#.# ..# #..[..#
#.#.#
############..#########.#.#
# #......................#


There were no monsters in sight!

Vanquished Creatures
  A jelly (D:5)
  An orc priest (D:4)
  4 hounds
  Natasha (D:3)
  An orc wizard (D:4)
  Terence (D:2)
  4 gnolls (D:4)
  An adder (D:2)
  An ufetubus (D:4)
  An adder skeleton (D:4)
  2 worms
  9 orcs
  3 endoplasms
  A giant cockroach (D:4)
  4 hobgoblins
  8 kobolds
  5 quokkas
  4 ball pythons
  5 bats
  2 frilled lizards
  7 goblins
  4 rats
70 creatures vanquished.

Vanquished Creatures (collateral kills)
  Jessica (D:2)
  An endoplasm (D:2)
2 creatures vanquished.

Grand Total: 72 creatures vanquished

Notes
Turn   | Place    | Note
-------+----------+-------------------------------------------
     0 | D:5      | spaghetti the Deep Dwarf Delver began the quest for the
                  | Orb.
     0 | D:5      | Reached XP level 1. HP: 20/20 MP: 1/1
   265 | D:5      | Noticed a hound
   275 | D:5      | Killed a hound
   276 | D:5      | Reached XP level 2. HP: 21/27 MP: 2/2
   276 | D:5      | Reached XP level 3. HP: 26/33 MP: 3/3
   362 | D:5      | Found a runed translucent gate.
   362 | D:5      | Found a runed translucent gate.
   362 | D:5      | Found a runed translucent gate.
   365 | D:5      | Noticed spaghetti's ghost (weakling DsSu)
   459 | D:4      | Found a sacrificial altar of Ru.
   523 | D:4      | Reached XP level 4. HP: 22/40 MP: 4/4
   712 | D:2      | Noticed Jessica
   717 | D:2      | Killed Jessica
   749 | D:2      | Noticed Terence
  1069 | D:2      | Noticed Sigmund
  1408 | D:1      | You fall into a shaft and drop 1 floor!
  1530 | D:1      | Reached XP level 5. HP: 34/46 MP: 5/5
  2343 | D:2      | Killed Terence
  2344 | D:2      | Reached skill level 5 in Polearms
  2657 | D:3      | Found a bloodstained altar of Trog.
  2811 | D:1      | Gained mutation: You have sharp toenails. [potion of
                  | mutation]
  2811 | D:1      | Gained mutation: You are resistant to electric shocks.
                  | (rElec) [potion of mutation]
  2811 | D:1      | Gained mutation: Your flesh is heat resistant. (rF+)
                  | [potion of mutation]
  2811 | D:1      | Gained mutation: Your mind is acute. (Int +2) [potion of
                  | mutation]
  2963 | D:3      | Found a faded altar of an unknown god.
  3040 | D:3      | Noticed Natasha
  3055 | D:3      | Killed Natasha
  3232 | D:3      | Noticed Natasha
  3337 | D:4      | Reached XP level 6. HP: 26/55 MP: 6/6
  3495 | D:4      | Found Ozoumn's Magic Scroll Boutique.
  4181 | D:4      | Quit the game

Illustrated notes

Levels and vault maps discovered:
D:1:      shiori_arrival_oz, layout_basic
D:2:      layout_rooms, uniq_jessica, uniq_sigmund, uniq_terence
D:3:      layout_loops_ring, mainiacjoe_overflow_paths, basic_ecumenical_altar,
          uniq_natasha
D:4:      layout_loops_ring, overflow_temple_1_default, serial_shops, shop
D:5:      layout_basic, ebering_ghost_rock_garden
D:6:      layout_rooms, nicolae_vehumet_radiance, minmay_temple_entry_waves,
          serial_shops, shop

Skill      XL: |  1  2  3  4  5  6 |
---------------+-------------------+-----
Polearms       | 3 4 5 6 |  6.5
Fighting       | |  2.6
Dodging        | |  2.1
Stealth        | |  6.0

Action                   |  1- 3 |  4- 6 || total
-------------------------+-------+-------++-------
Melee: Spear             |    48 |   194 ||   242
       Kick              |       |    26 ||    26
       Punch             |       |     1 ||     1
 Fire: Hunting sling     |       |    95 ||    95
 Abil: Heal Wounds       |     1 |     1 ||     2
Evoke: Wand              |       |     6 ||     6
  Use: Scroll            |       |     6 ||     6
       Potion            |       |     6 ||     6
 Stab: Sleeping          |     2 |     7 ||     9
Armor: Leather armour    |     8 |    51 ||    59
Dodge: Dodged            |    15 |   104 ||   119
